 Dungeon Crawl Stone Soup version 0.17-a0-1979-g1c74939 (webtiles) character file.

1821 kae the Carver (level 8, 0/105 HPs)
             Began as a Minotaur Fighter on Oct 5, 2015.
             Slain by an orc warrior
             ... wielding a +0 long sword
              (5 damage)
             ... on level 6 of the Dungeon.
             The game lasted 00:05:10 (4855 turns).

kae the Carver (Minotaur Fighter)                   Turns: 4855, Time: 00:05:11

Health: 0/105      AC: 24    Str: 25    XL:     8   Next: 85%
Magic:  7/7        EV:  2    Int: 14    God:
Gold:   264        SH:  9    Dex: 10    Spells: 0 memorised, 7 levels left

rFire  . . .     SeeInvis .     a - +1 long sword
rCold  . . .     Clarity  .     (armour currently unavailable)
rNeg   + + +     SustAt   .     c - +0 shield
rPois  +         Gourm    .     (helmet currently unavailable)
rElec  .         Spirit   .     (cloak currently unavailable)
rCorr  .         Warding  .     (gloves currently unavailable)
rMut   .         NoTele   +     (boots currently unavailable)
MR     .....                    u - amulet of regeneration
Stlth  +.........               j - +2 ring of strength
                                w - +2 ring of intelligence

@: brilliant, lethally poisoned (0 -> -1), tree-form, not resistant to hostile
enchantments, very unstealthy
A: (retaliatory headbutt), (horns 0), robust 1, strong 1
a: no special abilities


You were on level 6 of the Dungeon.
You were hungry.
You were a tree.
You visited 1 branch of the dungeon, and saw 6 of its levels.

You collected 264 gold pieces.

Inventory:

Hand Weapons
 a - a +1 long sword (weapon)
Armour
 b - a +0 scale mail (melded)
 c - a +0 shield (worn)
 m - a +0 cloak (melded)
Rods
 y - a +3 rod of clouds (13/13)
   (You found it on level 4 of the Dungeon)
Jewellery
 j - a +2 ring of strength (right branch)
 k - an uncursed amulet of regeneration
 t - an uncursed ring of ice
 u - an amulet of regeneration (around neck)
 w - a +2 ring of intelligence (left branch)
Wands
 v - a wand of draining (2)
Scrolls
 g - 3 scrolls of remove curse
 n - a scroll of teleportation
 o - a scroll of immolation
 r - a scroll of enchant weapon
 s - a scroll of identify
 D - a scroll of enchant armour {unknown}
Potions
 l - 3 potions of flight
 q - 2 potions of poison
 x - a potion of lignification
 B - a potion of agility
Comestibles
 d - a slice of pizza
 e - 6 bread rations
 h - 10 meat rations
 z - a royal jelly
 A - 4 fruits
 C - 5 chunks of flesh


   Skills:
 - Level 3.6 Fighting
 + Level 13.3 Long Blades
 - Level 3.6 Armour
 - Level 3.6 Shields


You had 7 spell levels left.
You didn't know any spells.

Dungeon Overview and Level Annotations

Branches:
Dungeon (6/15)
 Temple: D:4-7

Altars:
Gozag
Okawaru
Vehumet
Yredelemnul

Shops:
D:6 %


Innate Abilities, Weirdness & Mutations

((You reflexively headbutt those who attack you in melee.))
((You have a pair of horns on your head.))
You are robust (+10% HP).
Your muscles are strong. (Str +2)


Message History

It was a potion of mutation.
You feel extremely strange.
You feel stronger.
You feel robust.
You are feeling hungry.
You block the orc warrior's attack.
Drink which item? (? for menu, Esc to quit)
Okay, then.
Read which item? (? for menu, Esc to quit)
Okay, then.
Evoke which item? (* to show all) (? for menu, Esc to quit)
Zapping:
v - a wand of draining (will waste charges)
Press: ? - help, Shift-Dir - straight line, f - orc warrior
Aim: an orc warrior, wielding a long sword and wearing a plate armour The bolt of negative energy hits the orc warrior.
The orc warrior is drained!
The orc warrior is lightly wounded.
Evoking this partially-identified wand wasted a few charges.
You slash the orc warrior!
The orc warrior is moderately wounded.
The orc warrior hits you with a long sword.
You die...

....##...##+##..+.. #
#...##...'..##..##.
#.##...##...##.##..##.
.....##'####.##...#.
#...##...##..'...+. #
#...##...##.##..##.
##.##........##+##..##.
#....)o....[..+.....##.
#.....♣.##...##........
#....†..##...##.###.##.
#............##. #.##.
#.........).... ..##.
#............... ##+##.
#..##...##...##. # #.
#.. #...# ...# +###.##.
#. .%... ..+ ..).....
........


You could see an orc warrior.

Vanquished Creatures
  Pikel (D:4)
  Grinder (D:3)
  An ice beast (D:5)
  A phantom (D:5)
  4 slaves (D:4)
  The ghost of derrpe the Magician, an amateur DrSk of Okawaru (D:4)
  A black bear (D:6)
  A centaur (D:5)
  2 giant frogs (D:6)
  3 orc priests (D:6)
  2 crimson imps
  A hound (D:4)
  Crazy Yiuf (D:3)
  A centaur skeleton (D:5)
  Ijyb (D:3)
  An orc wizard (D:6)
  Jessica (D:3)
  3 worker ants
  A hound skeleton (D:5)
  10 adders
  4 adder zombies
  4 worms
  2 adder skeletons (D:4)
  A giant gecko (D:4)
  9 orcs
  8 giant cockroaches
  7 goblins
  6 hobgoblins
  2 jackals (D:6)
  4 kobolds
  A quokka (D:3)
  7 bats
  8 giant newts
  3 quokka skeletons (D:4)
  A quokka zombie (D:4)
  7 rats
112 creatures vanquished.

Notes
Turn   | Place    | Note
--------------------------------------------------------------
     0 | D:1      | kae the Minotaur Fighter began the quest for the Orb.
     0 | D:1      | Reached XP level 1. HP: 19/19 MP: 0/0
   158 | D:1      | Reached XP level 2. HP: 21/26 MP: 1/1
   854 | D:2      | Found a radiant altar of Vehumet.
   868 | D:2      | Reached skill level 4 in Long Blades
   902 | D:2      | Reached XP level 3. HP: 31/31 MP: 2/2
  1292 | D:3      | Reached skill level 5 in Long Blades
  1292 | D:3      | Reached XP level 4. HP: 37/39 MP: 3/3
  1427 | D:3      | Noticed Jessica
  1434 | D:3      | Killed Jessica
  1476 | D:3      | Reached skill level 6 in Long Blades
  2028 | D:3      | Found an opulent altar of Gozag.
  2031 | D:3      | Reached XP level 5. HP: 39/45 MP: 4/4
  2064 | D:3      | Noticed Ijyb
  2071 | D:3      | Killed Ijyb
  2184 | D:3      | Noticed Crazy Yiuf
  2188 | D:3      | Killed Crazy Yiuf
  2188 | D:3      | Reached skill level 7 in Long Blades
  2423 | D:4      | Noticed derrpe's ghost (amateur DrSk)
  2433 | D:4      | Killed derrpe's ghost
  2433 | D:4      | Reached XP level 6. HP: 38/51 MP: 5/5
  2562 | D:4      | Noticed Grinder
  2567 | D:4      | Paralysed by Grinder for 6 turns
  2585 | D:3      | Reached skill level 8 in Long Blades
  2715 | D:3      | Killed Grinder
  2715 | D:3      | Reached skill level 9 in Long Blades
  2715 | D:3      | Reached XP level 7. HP: 35/57 MP: 6/6
  3135 | D:4      | Found an iron altar of Okawaru.
  3250 | D:4      | Noticed a slave
  3251 | D:4      | Noticed Pikel
  3252 | D:4      | Noticed a slave
  3253 | D:4      | Noticed a slave
  3258 | D:4      | Noticed a slave
  3281 | D:4      | Killed Pikel
  3281 | D:4      | Reached skill level 11 in Long Blades
  3281 | D:4      | Reached XP level 8. HP: 31/64 MP: 7/7
  3286 | D:4      | Killed a freed slave
  3294 | D:4      | Killed a freed slave
  3313 | D:4      | Killed a freed slave
  3493 | D:4      | Killed a freed slave
  3572 | D:5      | Entered Level 5 of the Dungeon
  3582 | D:5      | Found a basalt altar of Yredelemnul.
  4145 | D:5      | Reached skill level 12 in Long Blades
  4480 | D:6      | Found Ejoeqokh's Food Boutique.
  4747 | D:6      | Reached skill level 13 in Long Blades
  4852 | D:6      | HP: 3/96 [orc warrior/long sword (5)]
  4853 | D:6      | Gained mutation: Your muscles are strong. (Str +2) [potion of mutation]
  4853 | D:6      | Gained mutation: You are robust (+10% HP). [potion of mutation]
  4855 | D:6      | Slain by an orc warrior

Vault maps used:
D:1:      minmay_arrival_solitary_statue
D:2:      vehumet_crystals
D:3:      grunt_ministairs_13, nicolae_gozag_cash_rules_everything_around_me,
          uniq_crazy_yiuf_cottage, uniq_iyjb, uniq_jessica
D:4:      kennysheep_mini_moat, serial_undead, serial_undead_e, serial_undead_a,
          serial_undead_c, serial_undead_a, st_stairs_12, uniq_grinder,
          uniq_pikel
D:5:      lemuel_round_altar, first_bread, serial_glass, glass_columns_a,
          glass_columns_b
D:6:      serial_shops, nicolae_shop_crystal

Action                   |  1- 3 |  4- 6 |  7- 9 || total
-------------------------+-------+-------+-------++-------
Melee: Long sword        |    70 |   157 |   203 ||   430
Evoke: Wand              |       |       |     1 ||     1
  Use: Potion            |       |       |     5 ||     5
       Scroll            |       |       |    11 ||    11
 Stab: Distracted        |       |       |     2 ||     2
  Eat: Chunk             |       |     5 |     8 ||    13
